 Dungeon Crawl Stone Soup version 0.30.1-3-gfc49f6343a (webtiles) character file.

Game seed: 3142340148735818715

5681 cheesebisquit the Grappler (level 10, 0/100 HPs)
             Began as a Troll Fighter on July 21, 2023.
             Was a Believer of Wu Jian.
             Slain by a wight
             ... wielding a +0 great sword of flaming
              (4 damage)
             ... on level 9 of the Dungeon.
             The game lasted 00:15:00 (6200 turns).

cheesebisquit the Grappler (Troll Fighter)          Turns: 6200, Time: 00:15:01

Health: 0/100      AC:  5    Str: 32    XL:     10   Next: 47%
Magic:  9/9        EV: 10    Int:  8    God:    Wu Jian [**....]
Gold:   462        SH:  9    Dex:  9    Spells: 9/9 levels left

rFire   . .          .
                       - Unarmed
rCold   . . .        b - +0 kite shield
rNeg    . . .        a - +0 robe
rPois   .            (helmet restricted)
rElec   .            i - +0 cloak
rCorr   .            (gloves unavailable)
SInv    +            (boots unavailable)
Will    .....        (no amulet)
Stlth   +            o - ring of see invisible
HPRegen 1.16/turn    G - +6 ring of strength
MPRegen 0.11/turn

%: no passive effects
@: studying Dodging
A: large, unfitting armour, claws 3, regeneration 1, shaggy fur 1, tough skin 1
a: Renounce Religion, Wall Jump


You were on level 9 of the Dungeon.
You worshipped Wu Jian.
Wu Jian was pleased with you.
You visited 2 branches of the dungeon, and saw 10 of its levels.

You collected 462 gold pieces.

Inventory:

Hand Weapons
 z - the +2 dagger "Gashut" {venom, Fly rPois rF+++ Stlth-}
   (You found it on level 5 of the Dungeon)

   rF:        It renders you almost immune to fire.
   rPois:     It protects you from poison.
   Fly:       It grants you flight.
   Stlth:     It makes you less stealthy.
Missiles
 m - 7 boomerangs (quivered)
 x - 10 javelins
 C - 14 poisoned darts
 D - a curare-tipped dart
 I - 4 atropa-tipped darts
Armour
 a - a +0 robe (worn)
 b - a +0 kite shield (worn)
 i - a +0 cloak (worn)
Jewellery
 o - a ring of see invisible (left claw)
 G - a +6 ring of strength (right claw)
Wands
 y - a wand of roots (4)
 H - a wand of digging (5)
Scrolls
 c - a scroll of fear {unknown}
 d - 7 scrolls of identify {unknown}
 f - 2 scrolls of immolation {unknown}
 h - 3 scrolls of enchant armour {unknown}
 j - a scroll of vulnerability {unknown}
 k - 2 scrolls of teleportation {unknown}
 l - a scroll of amnesia {unknown}
 q - a scroll of acquirement {unknown}
 r - 2 scrolls of magic mapping {unknown}
 s - 2 scrolls of poison {unknown}
 t - 3 scrolls of brand weapon {unknown}
 w - a scroll of blinking {unknown}
 F - a scroll of butterflies {unknown}
Potions
 e - a potion of ambrosia {unknown}
 g - 5 potions of curing {unknown}
 n - 2 potions of mutation {unknown}
 p - 4 potions of resistance {unknown}
 u - 2 potions of attraction {unknown}
 v - 4 potions of lignification {unknown}
 A - a potion of invisibility {unknown}
 B - 2 potions of berserk rage {unknown}
 E - 2 potions of brilliance {unknown}
 J - a potion of might
 K - 2 potions of flight {unknown}


   Skills:
 + Level 6.9 Fighting
 + Level 4.4 Dodging
 + Level 7.6 Shields
 * Level 11.2 Unarmed Combat


You had 9 spell levels left.
You didn't know any spells.
Your spell library contained the following spells:

 Spells                   Type           Power      Damage    Failure   Level
 Apportation              Tloc           0%         N/A       56%         1
 Sandblast                Erth           0%         2d4       56%         1
 Cigotuvi's Dreadful Rot  Necr/Pois/Air  0%         N/A       71%         2
 Passwall                 Tmut/Erth      0%         N/A       71%         2
 Sublimation of Blood     Necr           0%         N/A       71%         2
 Wereblood                Tmut           0%         N/A       71%         2
 Call Canine Familiar     Summ           0%         N/A       91%         3
 Ignite Poison            Fire/Tmut/Pois 0%         N/A       91%         3
 Portal Projectile        Hex/Tloc       0%         N/A       91%         3
 Stone Arrow              Conj/Erth      0%         3d7       91%         3
 Leda's Liquefaction      Hex/Erth       0%         N/A       100%        4
 Alistair's Intoxication  Tmut/Pois      0%         N/A       100%        5
 Freezing Cloud           Conj/Ice/Air   0%         6-21      100%        5
 Summon Hydra             Summ           0%         N/A       100%        7


Dungeon Overview and Level Annotations

Branches:
Dungeon (9/15)             Temple (1/1) D:6
   Lair: D:8-11         Orc: D:9-12

Altars:
Ashenzari
Elyvilon
Kikubaaqudgha
Makhleb
Qazlal
Uskayaw
Vehumet
Wu Jian
Xom
Yredelemnul
Zin
The Shining One


Innate Abilities, Weirdness & Mutations

You are too large for most types of armour.
You have claws for hands.
Your natural rate of healing is unusually fast.
You are covered in fur. (AC +1)
You have tough skin. (AC +1)


Message History

Beogh smites you! The wight barely misses you.
The orc priest hits you but does no damage.
You mangle the orc priest!!
You kill the orc priest!
The Council accepts your kill. The orc completely misses you.
The orc warrior hits you with a +0 scimitar!
The wight hits you but does no damage.
You mangle the orc!!
You kill the orc!
The Council accepts your kill.
The orc warrior hits you with a +0 scimitar.
The wight hits you with a +0 great sword of flaming!
The wight burns you. The wight closely misses you.
You mangle the orc priest!!
You kill the orc priest!
The Council accepts your kill. You block the orc warrior's attack.
The wight hits you with a +3 scimitar of freezing!
* * * LOW HITPOINT WARNING * * *
The wight freezes you.
* * * LOW HITPOINT WARNING * * *
You block the wight's attack.
You closely miss the orc warrior.
The orc warrior hits you with a +0 scimitar!
* * * LOW HITPOINT WARNING * * *
You block the wight's attack. The wight misses you.
You claw the orc warrior!
The orc warrior is heavily wounded.
The orc warrior closely misses you. The wight barely misses you.
You block the wight's attack.
You mangle the orc warrior!!
You kill the orc warrior!
The Council accepts your kill.
You claw the wight!
The wight is almost destroyed.
The wight hits you with a +0 great sword of flaming!
* * * LOW HITPOINT WARNING * * *
The wight burns you.
You die...

...##.........
...#..........
...........$.
#............
##............
#.............
..##..<.........
..........).....!
##...##.z@)......
...# #..)z......
.. ##.......## z
.........#
.#.........
#........... .
..........
.............


You could see 2 wights.

Vanquished Creatures
  A two-headed ogre (D:8)
  Joseph (D:8)
  A kobold demonologist (D:9)
  9 yaks
  A steam dragon (D:7)
  A wyvern (D:8)
  3 water moccasins
  An orc warrior (D:9)
  2 sky beasts
  2 black bears
  An ogre (D:5)
  3 centaurs
  4 phantoms
  2 kobold brigands (D:6)
  A bullfrog (D:8)
  A scorpion (D:5)
  6 wights
  3 howler monkeys
  A jelly (D:4)
  9 orc priests
  2 hounds
  A gnoll bouda (D:6)
  2 sleepcaps
  2 iguanas
  5 orc wizards
  10 adders
  4 gnolls (D:6)
  2 white imps
  2 ufetubi (D:5)
  A worm (D:2)
  2 dart slugs
  28 orcs
  2 bats
  6 endoplasms
  6 giant cockroaches
  7 goblins
  7 hobgoblins
  8 jackals (D:1)
  2 quokkas
  3 ball pythons
  2 frilled lizards
  19 kobolds
  3 rats (D:1)
179 creatures vanquished.

Notes
Turn   | Place    | Note
-------+----------+-------------------------------------------
     0 | D:1      | cheesebisquit the Troll Fighter began the quest for the
                  | Orb.
     0 | D:1      | Reached XP level 1. HP: 22/22 MP: 0/0
   109 | D:1      | Reached XP level 2. HP: 29/29 MP: 1/1
   564 | D:2      | Reached XP level 3. HP: 36/36 MP: 2/2
   762 | D:2      | Found a faded altar of an unknown god.
   810 | D:2      | Reached skill level 3 in Unarmed Combat
  1431 | D:3      | Reached XP level 4. HP: 17/44 MP: 3/3
  1516 | D:3      | Found a glowing silver altar of Zin.
  1516 | D:3      | Found a radiant altar of Vehumet.
  2235 | D:4      | Noticed a phantom
  2247 | D:4      | Killed a phantom
  2248 | D:4      | Reached skill level 4 in Unarmed Combat
  2248 | D:4      | Reached XP level 5. HP: 50/53 MP: 4/4
  2505 | D:4      | Reached XP level 6. HP: 61/61 MP: 5/5
  2667 | D:4      | Reached skill level 5 in Unarmed Combat
  2893 | D:5      | Entered Level 5 of the Dungeon
  2926 | D:5      | Identified the +2 dagger "Gashut" {venom, Fly rPois rF+++
                  | Stlth-}
  3014 | D:5      | Reached XP level 7. HP: 37/68 MP: 6/6
  3177 | D:5      | Reached skill level 6 in Unarmed Combat
  3475 | D:5      | Reached skill level 5 in Shields
  3475 | D:5      | Reached XP level 8. HP: 62/79 MP: 7/7
  3550 | D:5      | Reached skill level 7 in Unarmed Combat
  3851 | D:6      | Found a staircase to the Ecumenical Temple.
  3869 | Temple   | Entered the Ecumenical Temple
  3986 | Temple   | Became a worshipper of the Wu Jian Council
  4128 | D:6      | Reached skill level 5 in Fighting
  4247 | D:6      | Reached skill level 8 in Unarmed Combat
  4282 | D:6      | Reached XP level 9. HP: 70/88 MP: 8/8
  4292 | D:6      | Reached * piety under Wu Jian
  4293 | D:6      | Reached skill level 9 in Unarmed Combat
  5164 | D:7      | Reached skill level 10 in Unarmed Combat
  5365 | D:7      | You fall into a shaft and drop 1 floor!
  5395 | D:8      | Noticed Joseph
  5407 | D:8      | Killed Joseph
  5531 | D:8      | Reached XP level 10. HP: 98/100 MP: 9/9
  5754 | D:8      | Noticed a two-headed ogre
  5760 | D:8      | Killed a two-headed ogre
  6013 | D:8      | Reached ** piety under Wu Jian
  6022 | D:8      | Reached skill level 11 in Unarmed Combat
  6189 | D:9      | Noticed a sun demon
  6200 | D:9      | HP: 4/100 [wight/+0 great sword of flaming (17)]
  6200 | D:9      | Slain by a wight

Illustrated notes

Levels and vault maps discovered:
D:1:      heliophobic_arrival_henge, layout_rooms, dreamdust_princess_bridge,
          kennysheep_nondescript
D:2:      layout_basic, basic_ecumenical_altar
D:3:      layout_basic, gammafunk_temple_overflow_wave, minmay_statues_item,
          serial_park_tiny_pond, chequers_serial_rivers_large_a, minmay_unequal
D:4:      layout_loops_cross
D:5:      minmay_spotlight, layout_loops_ring, nrook_campfire
D:6:      layout_basic, minmay_temple_entry_gardened_gates, grunt_potential
D:7:      layout_basic, serial_demonic, serial_demonic_e, serial_demonic_d,
          serial_demonic_c, serial_demonic_d
D:8:      layout_loops_ring, uniq_joseph
D:9:      layout_cave_pools, nicolae_overflows_in_rows, serial_shops, shop
Temple:   nicolae_temple_two_arcs

Skill      XL: |  1  2  3  4  5  6  7  8  9 10 |
---------------+-------------------------------+-----
Shields        | 3 4 5 6 7 |  7.6
Unarmed Combat | 3 4 5 6 8 10 11 | 11.2
Fighting       | 3 4 5 6 |  6.9
Dodging        | 4 |  4.4

Action                     |  1- 3 |  4- 6 |  7- 9 | 10-12 || total
---------------------------+-------+-------+-------+-------++-------
  Melee: Unarmed           |   111 |   127 |   223 |    69 ||   530
  Throw: Boomerang         |       |     9 |     6 |       ||    15
Ability: Lunge             |       |       |    11 |     6 ||    17
         Whirlwind         |       |       |     3 |       ||     3
    Use: Potion            |       |       |     2 |       ||     2
   Stab: Sleeping          |     1 |       |       |       ||     1
 Armour: Robe              |    46 |    49 |    36 |    12 ||   143
  Dodge: Dodged            |    41 |    41 |    59 |    20 ||   161
  Block: Kite shield       |    45 |    33 |    68 |    16 ||   162
